[Event "Titled Tuesday Blitz January 10 Late 2023"]
[White "Ivic, Velimir"]
[Black "Sokolovsky, Yahli"]
[WhiteFideId "950122"]
[BlackFideId "2820242"]
[WhiteElo "2595"]
[BlackElo "2461"]
[Result "0-1"]
[Round "07"]
[TimeControl "180+2"]
[Date "2023.01.10"]
[WhiteClock "0:00:13"]
[BlackClock "0:00:51"]

1. d4 d5 2. c4 c6 3. Nf3 Bg4 4. Ne5 Be6 5. Nc3 Nd7 6. Nxd7 Qxd7 7. cxd5 cxd5 8. e4 a6 9. e5 Bf5 10. Bd3 Bxd3 11. Qxd3 e6 12. O-O Ne7 13. Bd2 Nf5 14. g4 Nh4 15. f4 h5 16. h3 hxg4 17. hxg4 Bb4 18. Rac1 Ng6 19. f5 Ne7 20. Kg2 Bxc3 21. Bxc3 Nc6 22. Rh1 O-O-O 23. Bd2 Kb8 24. a4 exf5 25. gxf5 g6 26. e6 fxe6 27. fxg6 e5 28. Qg3 Qf5 29. dxe5 Qe4+ 30. Qf3 Qxg6+ 31. Kf2 Rhf8 32. Ke2 Rxf3 0-1


[Site "https://www.chess.com"]

[Event "Titled Tuesday Blitz January 10 Late 2023"]
[White "Jaferian, Koosha"]
[Black "Zhigalko, Sergei"]
[WhiteFideId "12507440"]
[BlackFideId "13502956"]
[WhiteElo "2233"]
[BlackElo "2572"]
[Result "0-1"]
[Round "07"]
[TimeControl "180+2"]
[Date "2023.01.10"]
[WhiteClock "0:00:13"]
[BlackClock "0:01:43"]

1. e4 c5 2. Nc3 Nc6 3. Bb5 Nd4 4. Nf3 e6 5. O-O a6 6. Bd3 Nxf3+ 7. Qxf3 Qc7 8. Be2 Bd6 9. h3 Ne7 10. d3 Ng6 11. Qe3 Be5 12. g3 b5 13. Kh2 Bd4 14. Qf3 Bb7 15. Be3 h5 16. Kg1 h4 17. g4 O-O 18. Rac1 f5 19. gxf5 exf5 20. Qg2 Qd6 21. Bf3 Ne5 22. Bxd4 cxd4 23. Ne2 Rae8 24. Kh1 Nxf3 25. Qxf3 fxe4 26. Qxf8+ Rxf8 27. Nf4 Qxf4 28. f3 exf3 29. Rxf3 Qxf3+ 0-1


[Site "https://www.chess.com"]

[Event "Titled Tuesday Blitz January 10 Late 2023"]
[White "Movahed, Sina"]
[Black "Klose, Eli"]
[WhiteFideId "42520835"]
[BlackFideId "16242955"]
[WhiteElo "2340"]
[BlackElo "1519"]
[Result "1-0"]
[Round "07"]
[TimeControl "180+2"]
[Date "2023.01.10"]
[WhiteClock "0:00:55"]
[BlackClock "0:00:14"]

1. e4 e6 2. d4 d5 3. e5 c5 4. c3 Nc6 5. Nf3 Qb6 6. Bd3 f6 7. O-O fxe5 8. dxe5 Nh6 9. Bxh6 gxh6 10. Na3 Bg7 11. Re1 O-O 12. Qb3 Qd8 13. Qc2 Rxf3 14. gxf3 Nxe5 15. Bxh7+ Kh8 16. Kh1 Qh4 17. Rg1 Bd7 18. Rg3 Rf8 19. Rag1 Rf7 20. Bg6 Nxf3 21. R1g2 Rf8 22. Qe2 Ng5 23. Rg4 Qh3 24. R2g3 Qxg4 25. Rxg4 d4 26. Rxg5 Bc6+ 27. Kg1 Bf3 28. Qxe6 hxg5 29. Qh3+ Kg8 30. Qh7# 1-0


[Site "https://www.chess.com"]

[Event "Titled Tuesday Blitz January 10 Late 2023"]
[White "Yang, Kevin"]
[Black "Jaracz, Pawel"]
[WhiteFideId "30908485"]
[BlackFideId "1102222"]
[WhiteElo "2096"]
[BlackElo "2467"]
[Result "0-1"]
[Round "07"]
[TimeControl "180+2"]
[Date "2023.01.10"]
[WhiteClock "0:00:03"]
[BlackClock "0:00:18"]

1. b3 d5 2. Bb2 Bg4 3. f3 Bf5 4. e3 e6 5. d4 Bd6 6. Bd3 Ne7 7. e4 Bg6 8. e5 Bb4+ 9. c3 Ba5 10. a4 c6 11. Ne2 Nd7 12. b4 Bc7 13. Kf2 a5 14. h4 f6 15. Bxg6+ hxg6 16. Nf4 Kf7 17. exf6 gxf6 18. Nd3 Nf5 19. f4 Nxh4 20. Qg4 f5 21. Qg3 Nf6 22. Nd2 Ne4+ 23. Nxe4 dxe4 24. Nc5 b6 25. Nb3 g5 26. Qxg5 Qxg5 27. fxg5 Ng6 28. bxa5 bxa5 29. Nc5 Bd6 30. Ba3 Nf4 31. g3 Bxc5 32. Bxc5 Nd3+ 33. Ke3 Kg6 34. Bd6 Kxg5 35. Rab1 Rxh1 36. Rxh1 Kg6 37. Rb1 Rd8 38. Bc7 Rd7 39. Bf4 c5 40. Rb6 cxd4+ 41. cxd4 Kf6 42. Rb5 Nb4 43. Rxa5 Nc2+ 44. Ke2 Nxd4+ 45. Kf2 Nc6 46. Ra6 Nb4 47. Ra8 Nd5 48. a5 e5 49. Bd2 Nb6 50. axb6 Rxd2+ 51. Ke3 Rb2 52. Ra6 Rb3+ 53. Kf2 Kg5 54. Kg2 Kg4 55. Kf2 Rb2+ 56. Ke1 Kxg3 57. Kd1 e3 58. Kc1 Rb5 59. Kc2 f4 60. Kd3 Kf3 61. Ra1 Rb3+ 62. Kc4 Rxb6 63. Rf1+ Ke4 0-1


[Site "https://www.chess.com"]

[Event "Titled Tuesday Blitz January 10 Late 2023"]
[White "Caruana, Fabiano"]
[Black "Richter, Paul"]
[WhiteFideId "2020009"]
[BlackFideId "2046350"]
[WhiteElo "2764"]
[BlackElo "2171"]
[Result "1-0"]
[Round "07"]
[TimeControl "180+2"]
[Date "2023.01.10"]
[WhiteClock "0:00:05"]
[BlackClock "0:00:10"]

1. e4 c5 2. Nf3 d6 3. d4 cxd4 4. Nxd4 Nf6 5. Nc3 g6 6. Be3 Bg7 7. f3 O-O 8. Qd2 Nc6 9. O-O-O d5 10. Qe1 e5 11. Nxc6 bxc6 12. exd5 Nxd5 13. Bc4 Be6 14. Bc5 Re8 15. Ne4 Qc7 16. Kb1 Nf4 17. Bxe6 Nxe6 18. Ba3 Rad8 19. Nd6 Re7 20. Nc4 Red7 21. Rxd7 Rxd7 22. b3 c5 23. Bb2 Nd4 24. h4 h5 25. Qe3 Re7 26. Rd1 Bf6 27. Qe4 Rd7 28. Ne3 Kg7 29. g4 hxg4 30. fxg4 Bxh4 31. Nd5 Qd6 32. c4 Bg5 33. Rh1 Rd8 34. b4 cxb4 35. Bxd4 exd4 36. Qxd4+ Bf6 37. Qd2 Qe5 38. Qh6+ Kg8 39. Kc2 Rxd5 40. cxd5 Qc3+ 41. Kd1 Qa1+ 42. Ke2 Qe5+ 43. Kf2 Qxd5 44. Qh3 Bd4+ 45. Kg3 Be5+ 46. Kf2 Bd4+ 47. Ke2 Qxa2+ 48. Kd3 Qd5 49. Ke2 Qc4+ 50. Kf3 Qd3+ 51. Kf4 Qxh3 52. Rxh3 a5 53. Ke4 Bc3 54. Rd3 a4 55. Rd8+ Kg7 56. Ra8 a3 57. Kd3 Kf6 58. Ra5 Ke6 59. Ke4 f5+ 60. gxf5+ gxf5+ 61. Kd3 f4 62. Ke4 Kd6 63. Kxf4 Kc6 64. Ke4 b3 65. Rxa3 b2 66. Rxc3+ 1-0


[Site "https://www.chess.com"]

[Event "Titled Tuesday Blitz January 10 Late 2023"]
[White "Bluebaum, Matthias"]
[Black "Baskin, Robert"]
[WhiteFideId "24651516"]
[BlackFideId "24662402"]
[WhiteElo "2669"]
[BlackElo "2442"]
[Result "1-0"]
[Round "07"]
[TimeControl "180+2"]
[Date "2023.01.10"]
[WhiteClock "0:00:41"]
[BlackClock "0:00:07"]

1. d4 d6 2. Nf3 Nc6 3. d5 Nb8 4. c4 Nf6 5. Nc3 g6 6. e4 Bg7 7. h3 O-O 8. Bd3 c6 9. O-O Na6 10. Be3 Bd7 11. Qd2 Re8 12. Rac1 Nb4 13. Bb1 a5 14. Rfe1 e5 15. dxe6 Bxe6 16. b3 Nd7 17. Nd4 Nc5 18. Rcd1 Qe7 19. Bg5 Qd7 20. Bh6 Bh8 21. f4 Qe7 22. f5 Bd7 23. Nf3 Rad8 24. Bg5 Bf6 25. Bxf6 Qxf6 26. Qxd6 Qxc3 27. Qxc5 Bc8 28. Rxd8 Rxd8 29. Qe7 Rf8 30. e5 Nd3 31. Bxd3 Qxd3 32. f6 Bxh3 33. e6 Bg4 34. exf7+ Rxf7 35. Qxf7+ 1-0


[Site "https://www.chess.com"]

[Event "Titled Tuesday Blitz January 10 Late 2023"]
[White "Tologon tegin, Semetei"]
[Black "Keymer, Vincent"]
[WhiteFideId "13800574"]
[BlackFideId "12940690"]
[WhiteElo "2372"]
[BlackElo "2700"]
[Result "0-1"]
[Round "07"]
[TimeControl "180+2"]
[Date "2023.01.10"]
[WhiteClock "0:00:06"]
[BlackClock "0:00:53"]

1. Nf3 c6 2. g3 d5 3. Bg2 Bg4 4. O-O Nd7 5. c4 Bxf3 6. exf3 dxc4 7. Qe2 Nb6 8. Na3 Qd4 9. Rd1 Rd8 10. Bf1 e6 11. Nxc4 Nxc4 12. Qxc4 Bc5 13. Qxd4 Bxd4 14. Rb1 h5 15. h4 Ne7 16. d3 Rd5 17. Bd2 Nf5 18. Kg2 O-O 19. f4 Rfd8 20. Be2 g6 21. Bc3 a5 22. a4 Bg7 23. Bf1 Ra8 24. Kf3 b5 25. axb5 cxb5 26. Ke2 Nd4+ 27. Bxd4 Rxd4 28. b3 Rb4 29. Rdc1 Bd4 30. Bg2 Ra7 31. Bc6 Kg7 32. Bg2 a4 33. bxa4 Rxb1 34. Rxb1 bxa4 35. Rb4 a3 36. Rxd4 a2 37. Ra4 Rxa4 0-1


[Site "https://www.chess.com"]

[Event "Titled Tuesday Blitz January 10 Late 2023"]
[White "Rostomyan, Mikayel"]
[Black "Kazakouski, Valery"]
[WhiteFideId "13313754"]
[BlackFideId "13507443"]
[WhiteElo "2222"]
[BlackElo "2539"]
[Result "1/2-1/2"]
[Round "07"]
[TimeControl "180+2"]
[Date "2023.01.10"]
[WhiteClock "0:00:02"]
[BlackClock "0:00:02"]

1. Nf3 d5 2. e3 Nf6 3. c4 e6 4. b3 Be7 5. Bb2 O-O 6. Be2 c5 7. O-O Nc6 8. cxd5 Nxd5 9. d4 Bf6 10. a3 cxd4 11. Nxd4 Qb6 12. Nd2 Nxd4 13. Bxd4 Bxd4 14. Nc4 Nxe3 15. Nxb6 Nxd1 16. Nxa8 Bxa1 17. Rxd1 Be5 18. Bf3 b6 19. g3 g5 20. b4 Kg7 21. b5 Kf6 22. a4 Ke7 23. Re1 Bd6 24. a5 bxa5 25. b6 axb6 26. Nxb6 Kf6 27. Rc1 Ba6 28. Nd7+ Kg7 29. Nxf8 Bxf8 30. Rc7 Bd3 31. Ra7 Bb4 32. Bh5 Bg6 33. Bxg6 Kxg6 34. g4 f5 35. h3 h5 36. Kg2 hxg4 37. hxg4 Kf6 38. gxf5 exf5 39. Kf3 g4+ 40. Ke2 Ke5 41. Ra8 Kf4 42. Ra6 Kg5 43. Ra8 f4 44. Rg8+ Kf5 45. Ra8 f3+ 46. Kd3 Kf4 47. Ra7 Bc5 48. Rf7+ Kg5 49. Rb7 Bxf2 50. Rb5+ Kh4 51. Rxa5 g3 52. Ke4 g2 53. Ra8 Kg4 54. Rg8+ Kh3 55. Kxf3 g1=Q 56. Rxg1 Bxg1 1/2-1/2


[Site "https://www.chess.com"]

[Event "Titled Tuesday Blitz January 10 Late 2023"]
[White "Boros, Denes"]
[Black "Ismagilov, Damir"]
[WhiteFideId "722340"]
[BlackFideId "34199982"]
[WhiteElo "2406"]
[BlackElo "2156"]
[Result "1-0"]
[Round "07"]
[TimeControl "180+2"]
[Date "2023.01.10"]
[WhiteClock "0:01:15"]
[BlackClock "0:00:04"]

1. e4 d6 2. f4 g6 3. Nc3 Bg7 4. Nf3 c5 5. Be2 Nc6 6. O-O e6 7. d3 Nge7 8. Qe1 O-O 9. Kh1 d5 10. Bd2 dxe4 11. Nxe4 b6 12. Bc3 Nd4 13. Rc1 Bb7 14. Bd1 Nd5 15. Ne5 Nxc3 16. bxc3 Nf5 17. Bf3 Rb8 18. Qf2 Nd6 19. Rce1 Qc7 20. Ng5 h6 21. Nh3 c4 22. Rc1 Nb5 23. Qd2 Rbd8 24. d4 Bxf3 25. Rxf3 Bxe5 26. fxe5 Qxe5 27. Qxh6 Qg7 28. Qh4 Rd5 29. Rcf1 Rf5 30. Ng5 Nxc3 31. h3 Nd5 32. Kh2 Ne3 33. R1f2 Rxf3 34. Nxf3 Nf5 35. Qf4 Rd8 36. c3 Qf8 37. g4 Qd6 38. Ne5 f6 39. gxf5 fxe5 40. dxe5 Qd3 41. Qg5 exf5 42. Qxg6+ Kf8 43. Rxf5+ Ke7 44. Rf7+ Ke8 45. Qe6# 1-0


[Site "https://www.chess.com"]

[Event "Titled Tuesday Blitz January 10 Late 2023"]
[White "Fernandez Guillen, Ernesto J."]
[Black "Averjanov, Alexey"]
[WhiteFideId "3512428"]
[BlackFideId "14109867"]
[WhiteElo "2477"]
[BlackElo "2399"]
[Result "0-1"]
[Round "07"]
[TimeControl "180+2"]
[Date "2023.01.10"]
[WhiteClock "0:00:07"]
[BlackClock "0:00:19"]

1. e4 c6 2. d4 d5 3. e5 Bf5 4. c3 e6 5. Bd3 Bxd3 6. Qxd3 Nd7 7. Ne2 Ne7 8. O-O c5 9. Nd2 Nc6 10. Nf3 Be7 11. Be3 O-O 12. Rac1 a6 13. g3 Rc8 14. h4 b5 15. Kg2 b4 16. Ng5 g6 17. Rh1 bxc3 18. bxc3 cxd4 19. cxd4 Nb4 20. Qb1 Rxc1 21. Bxc1 Qa5 22. a3 Nc6 23. h5 Bxa3 24. Bxa3 Qxa3 25. hxg6 fxg6 26. Rxh7 Rf5 27. Qh1 Ndxe5 28. Rh8+ Kg7 29. Qh7+ Kf6 30. Rf8+ Qxf8 31. dxe5+ Rxe5 32. f4 Rxe2+ 33. Kf1 Nd4 34. Qa7 Nb5 35. Qb7 Rh2 36. Kg1 Rh5 37. Nf3 Qc5+ 38. Kg2 Qc2+ 39. Kg1 Qd1+ 40. Kf2 Rh1 41. Ng5 Qe1+ 42. Kf3 Rf1+ 43. Kg4 Qe2+ 44. Kh3 Qh5+ 45. Kg2 Qh1# 0-1


[Site "https://www.chess.com"]

[Event "Titled Tuesday Blitz January 10 Late 2023"]
[White "Rastbod, Ali"]
[Black "Putnam, Liam"]
[WhiteFideId "12567477"]
[BlackFideId "30938279"]
[WhiteElo "2318"]
[BlackElo "2285"]
[Result "0-1"]
[Round "07"]
[TimeControl "180+2"]
[Date "2023.01.10"]
[WhiteClock "0:00:02"]
[BlackClock "0:00:08"]

1. e4 e5 2. Nf3 Nc6 3. Bc4 Bc5 4. c3 Nf6 5. d3 a6 6. O-O d6 7. d4 Ba7 8. dxe5 Nxe5 9. Nxe5 dxe5 10. Qxd8+ Kxd8 11. Bxf7 Ke7 12. Bb3 Nxe4 13. Nd2 Nc5 14. Bc2 Be6 15. Re1 Rhf8 16. Nf3 Nd7 17. Bg5+ Kf7 18. Nxe5+ Nxe5 19. Rxe5 h6 20. Be3 Bxe3 21. Rxe3 Rfe8 22. Rae1 Kf6 23. Bb3 Bd7 24. Rxe8 Rxe8 25. Rxe8 Bxe8 26. f4 Kf5 27. g3 Ke4 28. Kf2 Kd3 29. Ke1 Ke3 30. Bd5 b5 31. Bb7 a5 32. a3 c5 33. Bd5 Bh5 34. Bc6 Be2 35. f5 Bd3 36. g4 Be2 37. h3 b4 38. cxb4 cxb4 39. axb4 axb4 40. Bd7 Bd3 41. h4 Kf4 42. Kd2 Be4 43. Ke2 Bf3+ 44. Kf2 Bxg4 45. f6 gxf6 46. Be8 Bf3 47. Bf7 f5 48. Be8 Be4 49. Bf7 Ke5 50. Be8 f4 51. Ke2 Kd4 52. Kf2 Kd3 53. Bc6 Bxc6 0-1


[Site "https://www.chess.com"]

[Event "Titled Tuesday Blitz January 10 Late 2023"]
[White "Bryakin, Mikhail"]
[Black "Chor, Kevin"]
[WhiteFideId "4165314"]
[BlackFideId "2090740"]
[WhiteElo "2455"]
[BlackElo "1944"]
[Result "1-0"]
[Round "07"]
[TimeControl "180+2"]
[Date "2023.01.10"]
[WhiteClock "0:00:14"]
[BlackClock "0:00:13"]

1. e4 c5 2. b3 Nf6 3. Nc3 Nc6 4. Bb2 d5 5. exd5 Nxd5 6. Nxd5 Qxd5 7. Qf3 Qxf3 8. Nxf3 Bf5 9. O-O-O O-O-O 10. Nh4 Bg4 11. f3 Bd7 12. g3 e5 13. Bc4 f6 14. Rhf1 Bd6 15. g4 g6 16. Rde1 Nd4 17. a4 Rhf8 18. h3 Bc6 19. c3 b5 20. axb5 Nxb5 21. Ng2 h5 22. Ne3 hxg4 23. fxg4 Nc7 24. Rf2 e4 25. Ref1 Be5 26. Be2 Ne6 27. Nc4 Rh8 28. Rxf6 Bxf6 29. Rxf6 Bd5 30. Ne3 Bxb3 31. Bf1 Rhf8 32. Rxg6 Nf4 33. Rc6+ Kb7 34. Rxc5 Bg8 35. c4 Nd3+ 36. Bxd3 exd3 37. Bc3 Rc8 38. Rb5+ Ka6 39. Ra5+ Kb6 40. Ra4 Kb7 41. h4 Rf4 42. h5 Bxc4 43. h6 a6 44. g5 Rh4 45. h7 Rh1+ 46. Kb2 Rxh7 47. Rxc4 Rb8 48. Rb4+ Ka8 49. Rxb8+ Kxb8 50. g6 Rh6 51. g7 Rg6 52. Nf5 Rg2 53. Ne7 Kb7 54. g8=Q Rxg8 55. Nxg8 Kc6 56. Nf6 Kb5 57. Kb3 a5 58. Ne4 a4+ 59. Ka3 Kc4 60. Kxa4 Kd5 61. Nf2 Kc4 62. Ka5 Kb3 63. Nxd3 Kc2 64. Ne5 Kb1 65. d4 Kc2 66. d5 Kxc3 67. d6 1-0


[Site "https://www.chess.com"]

[Event "Titled Tuesday Blitz January 10 Late 2023"]
[White "Yuan, Qingyu"]
[Black "Djokic, Mihailo"]
[WhiteFideId "8609772"]
[BlackFideId "976440"]
[WhiteElo "2373"]
[BlackElo "2192"]
[Result "1-0"]
[Round "07"]
[TimeControl "180+2"]
[Date "2023.01.10"]
[WhiteClock "0:00:16"]
[BlackClock "0:00:39"]

1. e4 c5 2. Nf3 d6 3. Bb5+ Bd7 4. Bxd7+ Qxd7 5. c4 Nc6 6. Nc3 g6 7. d4 cxd4 8. Nxd4 Bg7 9. Be3 Nf6 10. f3 O-O 11. O-O Rfd8 12. Qd2 e6 13. Rad1 d5 14. cxd5 exd5 15. Nxc6 bxc6 16. e5 Ne8 17. f4 f6 18. Bc5 fxe5 19. fxe5 Qe6 20. Qg5 Qxe5 21. Rf8+ Bxf8 22. Qxe5 Bxc5+ 23. Kh1 Ng7 24. h3 Bd6 25. Qf6 Nh5 26. Qe6+ Kg7 27. Ne2 Nf6 28. Rf1 Ne4 29. Rf7+ Kh6 30. Qg4 Be7 31. Ng3 Rf8 32. Rxf8 Rxf8 33. Nxe4 dxe4 34. Qxe4 Rf1+ 35. Kh2 Bd6+ 36. g3 Rf6 37. Qe3+ Kg7 38. Qxa7+ Kg8 39. Kg2 Be5 40. b3 h5 41. a4 Rd6 42. Qe3 Bg7 43. a5 Bd4 44. Qe8+ Kh7 45. Qe7+ 1-0


[Site "https://www.chess.com"]

[Event "Titled Tuesday Blitz January 10 Late 2023"]
[White "Fiorito, Joaquin"]
[Black "Mahdavi, Reza"]
[WhiteFideId "180173"]
[BlackFideId "12595926"]
[WhiteElo "2405"]
[BlackElo "2339"]
[Result "1-0"]
[Round "07"]
[TimeControl "180+2"]
[Date "2023.01.10"]
[WhiteClock "0:00:37"]
[BlackClock "0:00:10"]

1. d4 g6 2. Nc3 Bg7 3. e4 d6 4. Be3 a6 5. f3 b5 6. h4 h6 7. Qd2 Bb7 8. a4 b4 9. Nd1 a5 10. c3 Na6 11. Bb5+ c6 12. Bc4 Nf6 13. Ne2 e5 14. dxe5 dxe5 15. Qxd8+ Kxd8 16. Bb6+ Ke7 17. Bxa5 c5 18. Bxa6 Bxa6 19. cxb4 Bxe2 20. Kxe2 Rhb8 21. Ne3 Rb7 22. Nc4 cxb4 23. Rhd1 Nd7 24. Rd5 Nf8 25. Bb6 Ne6 26. Be3 Rc8 27. b3 Rxc4 28. bxc4 Rc7 29. c5 Kf6 30. Rb1 Rb7 31. a5 Bf8 32. Kd3 Rb5 33. Kc4 Rxa5 34. Rxb4 Ra3 35. Rb3 Ra2 36. g4 Rc2+ 37. Kd3 Rh2 38. g5+ hxg5 39. hxg5+ Kg7 40. c6 Rh1 41. Rxe5 Rd1+ 42. Kc2 Rf1 43. Rxe6 1-0


[Site "https://www.chess.com"]

[Event "Titled Tuesday Blitz January 10 Late 2023"]
[White "Timmermans, Mark"]
[Black "Paszewski, Mateusz"]
[WhiteFideId "1026399"]
[BlackFideId "1141058"]
[WhiteElo "2392"]
[BlackElo "2279"]
[Result "1-0"]
[Round "07"]
[TimeControl "180+2"]
[Date "2023.01.10"]
[WhiteClock "0:00:13"]
[BlackClock "0:00:04"]

1. e4 c6 2. Nf3 d5 3. Nc3 dxe4 4. Nxe4 Nf6 5. Qe2 Nxe4 6. Qxe4 Nd7 7. Bc4 Nf6 8. Ne5 e6 9. Qe2 b5 10. Bd3 Qc7 11. O-O Bd6 12. f4 Bb7 13. a4 O-O 14. b3 Nd5 15. Bb2 f6 16. Qh5 g6 17. Bxg6 fxe5 18. fxe5 Bc5+ 19. d4 hxg6 20. Qxg6+ Qg7 21. Qxe6+ Kh8 22. dxc5 Nf4 23. Rxf4 Rxf4 24. Qh3+ Kg8 25. Rd1 Raf8 26. Qe3 Bc8 27. e6 Qg4 28. Re1 Bxe6 29. h3 Qg6 30. Qxe6+ Qxe6 31. Rxe6 Rf1+ 32. Kh2 R1f2 33. Rxc6 Rxc2 34. Bf6 Re8 35. axb5 Ree2 36. Kg3 Rxg2+ 37. Kf4 Kf7 38. Bd4 Rcd2 39. Rd6 Rh2 40. c6 Rxh3 41. c7 Rc2 42. Rc6 Rxc6 43. bxc6 Rh4+ 44. Ke5 Rh5+ 45. Kd6 Rh6+ 46. Kd7 Rh4 47. c8=Q Rxd4+ 48. Kc7 Re4 49. Qd7+ Re7 50. Qxe7+ 1-0


[Site "https://www.chess.com"]

[Event "Titled Tuesday Blitz January 10 Late 2023"]
[White "Tanenbaum, Zachary"]
[Black "Martins, Bruno Andre Leite"]
[WhiteFideId "2060850"]
[BlackFideId "1942255"]
[WhiteElo "2261"]
[BlackElo "2348"]
[Result "0-1"]
[Round "07"]
[TimeControl "180+2"]
[Date "2023.01.10"]
[WhiteClock "0:00:02"]
[BlackClock "0:01:19"]

1. e4 e6 2. d4 d5 3. Nc3 Nf6 4. Bg5 dxe4 5. Nxe4 Be7 6. Bxf6 gxf6 7. Nf3 a6 8. Qe2 f5 9. Nc3 b5 10. O-O-O b4 11. Na4 Qd5 12. c4 bxc3 13. Nxc3 Qd6 14. d5 O-O 15. dxe6 Qxe6 16. Nd5 Bd8 17. Qc2 c6 18. Bc4 cxd5 19. Bxd5 Qh6+ 20. Kb1 Nc6 21. Qxc6 Qxc6 22. Bxc6 Rb8 23. Bd7 Bf6 24. b3 Bb7 25. Bxf5 a5 26. Nd2 a4 27. Bc2 Bd5 28. Rhe1 Be6 29. Re3 axb3 30. Bxb3 Rfd8 31. Ree1 Bf5+ 32. Kc1 Rdc8+ 33. Nc4 Bg5+ 34. Kb2 Rxc4 35. Re8+ Rxe8 36. Bxc4 Bf6+ 37. Ka3 Rb8 38. Bb3 Bc3 39. Bc4 Bc2 40. Rd6 Bb2# 0-1


[Site "https://www.chess.com"]

[Event "Titled Tuesday Blitz January 10 Late 2023"]
[White "Klukin, Kirill"]
[Black "Osmak, Yuliia"]
[WhiteFideId "24199273"]
[BlackFideId "14101602"]
[WhiteElo "2390"]
[BlackElo "2440"]
[Result "0-1"]
[Round "07"]
[TimeControl "180+2"]
[Date "2023.01.10"]
[WhiteClock "0:00:03"]
[BlackClock "0:00:09"]

1. c4 e5 2. Nc3 Nf6 3. g3 c6 4. d4 exd4 5. Qxd4 d5 6. Bg5 Be7 7. cxd5 cxd5 8. Nf3 Nc6 9. Qa4 O-O 10. Bg2 d4 11. Rd1 h6 12. Nxd4 Nxd4 13. Be3 Qb6 14. Bxd4 Qxb2 15. Nd5 Qa3 16. Qxa3 Bxa3 17. Nc7 Bb4+ 18. Kf1 Be6 19. Nxa8 Rxa8 20. Bxb7 Rb8 21. Bf3 a5 22. Ra1 Bh3+ 23. Bg2 Be6 24. Bxf6 gxf6 25. h3 Bc3 26. Rc1 Bb2 27. Rd1 Bxa2 28. Bc6 Bb3 29. Rb1 Bc2 30. Re1 a4 31. Kg2 a3 32. Bd5 Rd8 33. e4 f5 34. Kf3 Kg7 35. g4 fxe4+ 36. Bxe4 Bb3 37. Kg3 a2 38. Re3 Be6 39. Ree1 Rd2 40. Bf5 Bd5 41. Be4 Bxe4 42. Rxe4 a1=Q 43. Rxa1 Bxa1 44. h4 Rd3+ 45. f3 Bf6 46. Re8 Ra3 47. Re4 Rd3 48. Re8 Rd1 49. Re4 Rh1 50. h5 Rg1+ 51. Kf2 Ra1 52. Kg2 Rd1 53. Kg3 Rd4 54. Re2 Ra4 55. Kg2 Bg5 56. Kg3 Bf4+ 57. Kh3 Kf6 58. Re8 Ra2 59. g5+ Kxg5 60. Rg8+ Kf6 61. Kg4 Rg2+ 0-1


[Site "https://www.chess.com"]

[Event "Titled Tuesday Blitz January 10 Late 2023"]
[White "Denishev, Marat"]
[Black "Djordjevic, Vuk"]
[WhiteFideId "24131563"]
[BlackFideId "902098"]
[WhiteElo "2255"]
[BlackElo "2375"]
[Result "0-1"]
[Round "07"]
[TimeControl "180+2"]
[Date "2023.01.10"]
[WhiteClock "0:00:06"]
[BlackClock "0:00:10"]

1. e4 d5 2. exd5 Qxd5 3. Nc3 Qd6 4. Nf3 Nf6 5. d4 c6 6. Ne5 Nbd7 7. Nc4 Qc7 8. g3 Nb6 9. Bf4 Qd8 10. Ne5 Nbd5 11. Qf3 Bf5 12. Bd3 Bxd3 13. Nxd3 Nxf4 14. Qxf4 e6 15. O-O-O Nd5 16. Nxd5 Qxd5 17. Kb1 Bd6 18. Qg4 O-O 19. Rhe1 Qb5 20. h4 a5 21. h5 h6 22. Qe2 Rfd8 23. Ka1 a4 24. a3 Ra5 25. g4 Be7 26. c3 Qb3 27. f4 Qc4 28. Ne5 Qxe2 29. Rxe2 Rad5 30. f5 exf5 31. gxf5 Bf6 32. Nc4 Rxf5 33. Rh1 b5 34. Ne3 Rg5 35. Rf2 Re8 36. Nf5 Kh7 37. Nd6 Re7 38. Nc8 Rd7 39. Nb6 Rc7 40. Re2 c5 41. d5 Rb7 42. Nc8 Rxd5 43. Re8 Rd8 44. Rhe1 Rxe8 45. Rxe8 Rb8 46. Kb1 b4 47. axb4 cxb4 48. cxb4 Rxb4 49. Nd6 Rxb2+ 50. Kc1 Rb6 51. Nxf7 g6 52. hxg6+ Kxg6 53. Nh8+ Bxh8 54. Rxh8 Ra6 55. Kb2 a3+ 56. Ka2 h5 57. Rg8+ Kf5 58. Rf8+ Kg4 59. Rg8+ Kh3 60. Rh8 h4 61. Rh7 Kg3 62. Rh8 h3 63. Rg8+ Kh2 64. Ka1 Kh1 65. Ka2 h2 66. Rg3 Ra7 67. Ka1 Re7 68. Ka2 Re2+ 69. Kxa3 Rg2 70. Rd3 Kg1 71. Rd1+ Kf2 72. Rd2+ Kg3 73. Rd3+ Kh4 74. Rd4+ Kh3 75. Rd8 Rg3+ 76. Kb4 h1=Q 77. Rh8+ Kg2 78. Rxh1 Kxh1 0-1


[Site "https://www.chess.com"]

[Event "Titled Tuesday Blitz January 10 Late 2023"]
[White "Nazari, Arad"]
[Black "Suvorov, Alexander"]
[WhiteFideId "12577324"]
[BlackFideId "12977063"]
[WhiteElo "2367"]
[BlackElo "2338"]
[Result "1-0"]
[Round "07"]
[TimeControl "180+2"]
[Date "2023.01.10"]
[WhiteClock "0:00:11"]
[BlackClock "0:00:06"]

1. e4 d6 2. d4 e5 3. Nf3 Nd7 4. Nc3 Ngf6 5. Bc4 Be7 6. a4 c6 7. h3 h6 8. O-O Qc7 9. Nh4 g6 10. Nf3 Nf8 11. b4 g5 12. Qd3 Ng6 13. b5 Nh5 14. Ba3 Nhf4 15. Qe3 g4 16. hxg4 Bxg4 17. dxe5 dxe5 18. bxc6 bxc6 19. Nh2 h5 20. g3 Be6 21. Bxe6 Nxe6 22. Bxe7 Qxe7 23. Ne2 h4 24. Ng4 Qg5 25. Qxg5 Nxg5 26. Nc3 Ke7 27. Rab1 Rab8 28. Ne3 h3 29. Kh1 Nf3 30. Nf5+ Kf6 31. Rfd1 Rxb1 32. Rxb1 Rd8 33. Nd1 Rd2 34. Nde3 Kg5 35. Rf1 Nf8 36. Ne7 c5 37. N7d5 Ne6 38. Nc3 Ned4 39. Nb1 Re2 40. Nc3 Rd2 41. Nb1 Re2 42. Nc3 Re1 43. Rxe1 Nxe1 44. Kh2 Ndxc2 45. Nxc2 Nxc2 46. Kxh3 Nd4 47. Nd5 f5 48. f4+ exf4 49. gxf4+ Kg6 50. e5 Ne2 51. Kg2 c4 52. Kf3 Nd4+ 53. Ke3 Ne6 54. Ne7+ Kh5 55. Nxf5 Kg4 56. Nh6+ Kg3 57. f5 Ng5 58. e6 Nh7 59. Ng8 c3 60. e7 c2 61. Kd2 c1=Q+ 62. Kxc1 1-0


[Site "https://www.chess.com"]

[Event "Titled Tuesday Blitz January 10 Late 2023"]
[White "Wieczorek, Oskar"]
[Black "Aggelis, Nikolaos"]
[WhiteFideId "1133950"]
[BlackFideId "4213220"]
[WhiteElo "2512"]
[BlackElo "2270"]
[Result "1-0"]
[Round "07"]
[TimeControl "180+2"]
[Date "2023.01.10"]
[WhiteClock "0:00:39"]
[BlackClock "0:00:11"]

1. e4 c6 2. d4 d5 3. Nd2 dxe4 4. Nxe4 Nf6 5. Nxf6+ exf6 6. Be2 Bd6 7. Bf3 h5 8. Ne2 h4 9. h3 O-O 10. O-O Bf5 11. Bf4 Re8 12. Qd2 Qc7 13. Bxd6 Qxd6 14. Rfe1 Nd7 15. c4 Nf8 16. Nc3 Rxe1+ 17. Rxe1 Rd8 18. d5 a6 19. Qe3 c5 20. Qe7 Qxe7 21. Rxe7 Bd7 22. Be4 Ng6 23. Bxg6 fxg6 24. f4 Kf8 25. Re1 b5 26. b3 Bf5 27. Rd1 b4 28. Na4 Rc8 29. d6 Ke8 30. Rd5 Bb1 31. d7+ Kd8 32. dxc8=Q+ Kxc8 33. Rxc5+ Kb7 34. Ra5 Bxa2 35. Nc5+ Kb6 36. Rxa2 Kxc5 37. Rxa6 1-0


[Site "https://www.chess.com"]

[Event "Titled Tuesday Blitz January 10 Late 2023"]
[White "Martinez Ramirez, Lennis"]
[Black "Manukyan, Sargis A."]
[WhiteFideId "3509079"]
[BlackFideId "13303970"]
[WhiteElo "2426"]
[BlackElo "2158"]
[Result "0-1"]
[Round "07"]
[TimeControl "180+2"]
[Date "2023.01.10"]
[WhiteClock "0:00:02"]
[BlackClock "0:00:35"]

1. c4 Nf6 2. Nc3 e6 3. d4 d5 4. Nf3 Be7 5. Bg5 c5 6. cxd5 Nxd5 7. Bxe7 Qxe7 8. Nxd5 exd5 9. dxc5 Qxc5 10. Rc1 Qb4+ 11. Qd2 Qxd2+ 12. Kxd2 Nc6 13. e3 Be6 14. Bb5 Rc8 15. Ne5 Bd7 16. Bxc6 bxc6 17. Rc5 f6 18. Nd3 Ke7 19. Ra5 Rc7 20. Rc1 Kd6 21. b4 Rb8 22. a3 Rb6 23. Nc5 Bc8 24. Nb3 Ra6 25. Rxa6 Bxa6 26. Rc5 Bb5 27. Nd4 a6 28. g4 g6 29. f4 Re7 30. h4 Re8 31. Rc1 Rh8 32. Rh1 h5 33. g5 f5 34. Nf3 c5 35. bxc5+ Kxc5 36. Ne5 d4 37. Nxg6 Rd8 38. Rc1+ Kd5 39. a4 Bxa4 40. Ne7+ Ke4 41. Rc4 Bb5 42. Rxd4+ Rxd4+ 43. exd4 Kxd4 44. g6 Ke4 45. g7 Bc4 46. Ng6 Be6 47. Ke2 a5 48. Kf2 a4 49. Nf8 Bg8 50. Nd7 Kxf4 51. Kg2 a3 52. Nf6 Bf7 53. Nxh5+ Kg4 54. Nf6+ Kxh4 55. Kf3 a2 56. Kf4 a1=Q 57. Kxf5 Qf1+ 58. Ke5 Qe2+ 59. Kf5 Qf3+ 60. Ke5 Qe3+ 61. Kf5 Qg5+ 0-1


[Site "https://www.chess.com"]